 Dungeon Crawl Stone Soup version 0.17.0-18-gaab0e96 (console) character file.

37 gw the Firebug (level 3, -2/28 HPs)
             Began as a Demigod Fire Elementalist on Nov 11, 2015.
             Killed from afar by a white imp (3 damage)
             ... with a puff of frost
             ... summoned by Natasha
             ... on level 2 of the Dungeon.
             The game lasted 00:02:10 (1689 turns).

gw the Firebug (Demigod Fire Elementalist)          Turns: 1689, Time: 00:02:10

Health: -2/28      AC:  3    Str: 11    XL:     3   Next: 7%
Magic:  0/9        EV: 12    Int: 21    God:
Gold:   93         SH:  0    Dex: 16    Spells: 2 memorised, 3 levels left

rFire  . . .     SeeInvis .     a - +0 dagger
rCold  . . .     Clarity  .     j - +0 leather armour (curse)
rNeg   . . .     SustAt   +     (no shield)
rPois  .         Gourm    .     (no helmet)
rElec  .         Spirit   .     (no cloak)
rCorr  .         Warding  .     (no gloves)
rMut   .         Stasis   .     (no boots)
MR     .....                    h - amulet of inaccuracy (curse)
Stlth  ++........               (no ring)
                                (no ring)

@: not resistant to hostile enchantments, unstealthy
A: high mp 1, sustain attributes
a: no special abilities


You were on level 2 of the Dungeon.
You were hungry.

You visited 1 branch of the dungeon, and saw 2 of its levels.

You collected 93 gold pieces.

Inventory:

Hand Weapons
 a - a +0 dagger (weapon)
Missiles
 d - 74 stones (quivered)
 e - 16 poisoned sling bullets
 f - 34 sling bullets
Armour
 j - a cursed +0 leather armour (worn)
Jewellery
 h - a cursed amulet of inaccuracy (around neck)
 i - an uncursed amulet of resist corrosion {unknown}
Books
 b - a book of Flames

   Spells                             Type                      Level
   a - Flame Tongue                   Conjuration/Fire             1
   b - Throw Flame                    Conjuration/Fire             2
   c - Conjure Flame                  Conjuration/Fire             3
   d - Inner Flame                    Hexes/Fire                   3
   e - Sticky Flame                   Conjuration/Fire             4
   f - Fireball                       Conjuration/Fire             5
Comestibles
 c - 3 bread rations


   Skills:
 + Level 1.0 Fighting
 + Level 1.0 Short Blades
 + Level 0.1 Armour
 - Level 1.7 Dodging
 - Level 1.7 Stealth
 * Level 2.4 Spellcasting
 - Level 0.8 Conjurations
 + Level 2.9 Fire Magic


You had 3 spell levels left.
You knew the following spells:

 Your Spells              Type           Power        Failure   Level  Hunger
a - Flame Tongue          Conj/Fire      ##...        12%         1    None
b - Throw Flame           Conj/Fire      ##....       17%         2    ##.....


Dungeon Overview and Level Annotations

Branches:
Dungeon (2/15)

Annotations:
D:2 Natasha


Innate Abilities, Weirdness & Mutations

You have an increased reservoir of magic (+10% MP).
Your attributes are resistant to harm.


Message History

The white imp is heavily wounded.
The white imp barely misses you. The bat misses you.
Unknown command.
Unknown command.
Unknown command.
Unknown command.
ATTACK MOVE TO (0,1)
You miss the bat. The bat hits you but does no damage.
The white imp barely misses you.
Unknown command.
Unknown command.
Unknown command.
Unknown command.
ATTACK MOVE TO (1,0)
You barely miss the white imp.
The white imp is heavily wounded.
The bat barely misses you. The white imp gestures at you.
The puff of frost hits you!
You die...

##.###..
#########.......
#.......#..##)..
#.# #..#......
#.#####.###.....
#.##...## ##.###
#.##.##.###.## #
###5##.##..#)# #
#p5h.5...%#.#
#.#######.5...#
#b# #.....# <..
#.....# ##..
#...h.# # #...
#.....# ## ....
#####..### #.
#...? ... #.####
# ? ##.###...# #


You could see Natasha, a crimson imp, a white imp, a shadow imp and a bat.

Table legend:
 A = Turns spent in this place as a percentage of turns spent in the entire game.
 B = Non-inter-level travel turns spent in this place as a percentage of non-inter-level travel turns spent in the entire game.
 C = Inter-level travel turns spent in this place as a percentage of turns spent in this place.
 D = Turns resting spent in this place as a percentage of non-inter-level travel turns spent in this place.
 E = Turns spent auto-exploring this place as a percentage of non-inter-level travel turns spent in this place.
 F = Non-inter-level travel turns spent in this place divided by the number of levels of this place that you've seen.
                   A       B       C       D       E      F
               +-------+-------+-------+-------+-------+----------------------
         Total | 100.0 | 100.0 |   0.7 |   2.0 |   2.4 | 1427.5
       Dungeon | 100.0 | 100.0 |   0.7 |   2.0 |   2.4 | 1427.5
               +-------+-------+-------+-------+-------+----------------------

Table legend:
 A = Kills in this place as a percentage of kills in entire the game.
 B = Kills by you in this place as a percentage of kills by you in the entire game.
 C = Kills by friends in this place as a percentage of kills by friends in the entire game.
 D = Other kills in this place as a percentage of other kills in the entire game.
 E = Experience gained in this place as a percentage of experience gained in the entire game.
 F = Experience gained in this place divided by the number of levels of this place that you have seen.
                   A       B       C       D       E      F
               +-------+-------+-------+-------+-------+----------------------
         Total | 100.0 | 100.0 |  -nan |  -nan | 100.0 |  26.5
       Dungeon | 100.0 | 100.0 |  -nan |  -nan | 100.0 |  26.5
               +-------+-------+-------+-------+-------+----------------------

Vanquished Creatures
  An adder (D:2)
  3 giant cockroaches
  2 goblins (D:1)
  5 hobgoblins
  2 jackals (D:2)
  A quokka (D:2)
  5 bats
  A giant newt (D:1)
  3 kobolds
  5 rats (D:1)
28 creatures vanquished.

Notes
Turn   | Place    | Note
--------------------------------------------------------------
     0 | D:1      | gw the Demigod Fire Elementalist began the quest for the Orb.
     0 | D:1      | Reached XP level 1. HP: 14/14 MP: 5/5
   517 | D:1      | Reached XP level 2. HP: 22/22 MP: 5/7
   540 | D:1      | Learned a level 2 spell: Throw Flame
  1595 | D:2      | Found a bloodstained altar of Trog.
  1658 | D:2      | Reached skill level 1 in Fighting
  1658 | D:2      | Reached XP level 3. HP: 26/28 MP: 1/9
  1670 | D:2      | Noticed Natasha
  1676 | D:2      | Reached skill level 1 in Short Blades
  1686 | D:2      | HP: 1/28 [white imp/puff of frost[Natasha] (12)]
  1689 | D:2      | Killed from afar by a white imp

Action                   || total
-------------------------++-------
Melee: Unarmed           ||     2
       Dagger            ||     8
 Cast: Flame Tongue      ||    38
       Throw Flame       ||    13
  Eat: Chunk             ||     3

Vault maps used:
D:1:      dpeg_arrival_rooms_b
D:2:      lemuel_doored_altar, serial_forest, infiniplex_forest_end_2,
          infiniplex_forest_corner_1, infiniplex_forest_lined_1,
          infiniplex_forest_end_2, infiniplex_forest_end_double,
          infiniplex_forest_end_2, infiniplex_forest_corner_2,
          ecumenical_altar_2, uniq_natasha
